 Dungeon Crawl Stone Soup version 0.29.1-1-gd02db69 (webtiles) character file.

Game seed: 8355667118367066175

1650597 IceLeopardTea the Intangible (level 27, 236/236 (242) HPs)
             Began as a Merfolk Berserker on Apr 4, 2023.
             Was the Champion of Trog.
             Escaped with the Orb
             ... and 3 runes on Apr 7, 2023!
             The game lasted 09:39:27 (75270 turns).

IceLeopardTea the Intangible (Merfolk Berserker)   Turns: 75270, Time: 09:39:28

HP:   236/236 (242) AC: 35    Str: 24    XL:     27
MP:   18/18         EV: 34    Int: 14    God:    Trog [******]
Gold: 7497          SH: 30    Dex: 26    Spells: 26/26 levels left

rFire   + + .      SeeInvis .   a - +9 demon blade (flame)
rCold   + + .      Faith    .   A - +7 kite shield of the Voracious God {rC+}
rNeg    + . .      Spirit   .   B - +8 chain mail {rF+}
rPois   +          Reflect  +   C - +2 hat
rElec   +          Harm     .   D - +2 cloak {rCorr}
rCorr   +          Rampage  .   E - +2 pair of gloves {Str+3}
Will    +++..                   F - +1 pair of boots of the Untouchables {Str+5}
Stlth   ..........              N - amulet "Biarghoo" {Reflect rC+ Regen+ Int+3 SH+5}
HPRegen 1.29/turn               z - ring of Ysam {rElec Will+ EV+4 Int+4}
MPRegen 0.16/turn               J - ring "Adiaproxt" {rPois rF+ rN+}

@: studying Maces & Flails, lightly drained
A: (nimble swimmer 2), mertail, horns 1, low MP 2, poison resistance, weak 1
0: Orb of Zot
}: 3/15 runes: serpentine, barnacled, silver
a: Renounce Religion, Berserk, Trog's Hand, Brothers in Arms


You escaped.
You worshipped Trog.
Trog was exalted by your worship.
You visited 12 branches of the dungeon, and saw 52 of its levels.
You visited 1 bazaar.
You also visited: Gauntlet, Volcano and Wizlab.

You collected 9659 gold pieces.
You spent 2162 gold pieces at shops.

Inventory:

Hand Weapons
 a - a +9 demon blade of flaming (weapon)
 b - a +6 double sword of holy wrath
 c - the +11 scimitar of Melee {freeze, *Noise rElec rC- Dex+8}
   (You found it on level 2 of the Vaults)

   It freezes those it strikes, dealing additional cold damage.
   It can also slow down cold-blooded creatures.
   Dex:       It affects your dexterity (+8).
   rC:        It makes you vulnerable to cold.
   rElec:     It insulates you from electricity.
   *Noise:    It may make noises in combat.
 Q - a +6 quick blade of pain
Missiles
 d - 20 javelins
 e - 8 boomerangs of dispersal
 m - 7 silver boomerangs
 p - 9 silver javelins
 T - 49 boomerangs (quivered)
Armour
 r - the +4 dragonskin cloak
   (You took it off Tiamat on level 1 of the Realm of Zot)

   It grants the wearer a chance to resist fire, cold, poison, electricity,
   acid, and negative energy.
 w - a +2 cloak of willpower
 y - a +5 kite shield of protection
 A - the +7 kite shield of the Voracious God (worn) {rC+}
   (You acquired it on level 1 of the Realm of Zot)

   rC:        It protects you from cold.
 B - a +8 chain mail of fire resistance (worn)
 C - a +2 hat (worn)
 D - a +2 cloak of preservation (worn)
 E - a +2 pair of gloves of strength (worn)
 F - the +1 pair of boots of the Untouchables (worn) {Str+5}
   (You found it on level 8 of the Dungeon)

   Str:       It affects your strength (+5).
Jewellery
 h - the ring "Sejyxt" {rN+ Will+ Int-2 SInv}
   (You bought it in a shop on level 2 of the Orcish Mines)

   [ring of positive energy]

   Int:       It affects your intelligence (-2).
   rN:        It protects you from negative energy.
   SInv:      It lets you see invisible.
   Will:      It increases your willpower.
 x - a ring of flight
 z - the ring of Ysam (left hand) {rElec Will+ EV+4 Int+4}
   (You bought it in a shop on level 2 of the Orcish Mines)

   [ring of evasion]

   EV:        It affects your evasion (+4).
   Int:       It affects your intelligence (+4).
   rElec:     It insulates you from electricity.
   Will:      It increases your willpower.
 J - the ring "Adiaproxt" (right hand) {rPois rF+ rN+}
   (You found it in a wizard's laboratory)

   [ring of protection from fire]

   rF:        It protects you from fire.
   rPois:     It protects you from poison.
   rN:        It protects you from negative energy.
 K - the ring "Ojiameudd" {rC+ rN+}
   (You acquired it on level 1 of the Realm of Zot)

   [ring of positive energy]

   rC:        It protects you from cold.
   rN:        It protects you from negative energy.
 N - the amulet "Biarghoo" (around neck) {Reflect rC+ Regen+ Int+3 SH+5}
   (You found it in a wizard's laboratory)

   [amulet of reflection]

   It reflects blocked missile attacks.
   Int:       It affects your intelligence (+3).
   rC:        It protects you from cold.
   Regen:     It increases your rate of health regeneration.
   SH:        It affects your SH (+5).
 X - a ring of resist corrosion
Wands
 l - a wand of acid (31)
 M - a wand of charming (2)
 O - a wand of digging (18)
 R - a wand of flame (13)
 U - a wand of roots (48)
Scrolls
 f - 7 scrolls of blinking
 g - 12 scrolls of fog
 k - 13 scrolls of teleportation
 v - 7 scrolls of summoning
 H - 6 scrolls of magic mapping
 I - a scroll of fear
 L - a scroll of immolation
 P - 2 scrolls of silence
 S - a scroll of torment
 Y - 2 scrolls of vulnerability
Potions
 i - 6 potions of haste
 j - 21 potions of heal wounds
 n - 4 potions of ambrosia
 o - 28 potions of curing
 q - 2 potions of lignification
 s - 2 potions of magic
 t - 2 potions of mutation
 u - 14 potions of might
 G - 3 potions of resistance
 V - 3 potions of cancellation
 W - 2 potions of invisibility


   Skills:
 + Level 25.0 Fighting
 O Level 27 Long Blades
 - Level 15.0 Throwing
 + Level 18.3 Armour
 O Level 27 Dodging
 + Level 21.9 Shields


You had 26 spell levels left.
You didn't know any spells.
Your spell library contained the following spells:

 Spells                   Type           Power      Damage    Failure   Level
 Freeze                   Ice            0%         1d3       78%         1
 Magic Dart               Conj           0%         1d3       78%         1
 Shock                    Conj/Air       0%         1d3       78%         1
 Slow                     Hex            0%         N/A       78%         1
 Sting                    Tmut/Pois      0%         1d3       78%         1
 Call Imp                 Summ           0%         N/A       89%         2
 Ensorcelled Hibernation  Hex/Ice        0%         N/A       89%         2
 Passwall                 Tmut/Erth      0%         N/A       89%         2
 Poisonous Vapours        Pois/Air       0%         N/A       89%         2
 Searing Ray              Conj           0%         2d4       89%         2
 Sublimation of Blood     Necr           0%         N/A       89%         2
 Call Canine Familiar     Summ           0%         N/A       98%         3
 Confusing Touch          Hex            0%         N/A       98%         3
 Conjure Flame            Conj/Fire      0%         6-21      98%         3
 Dazzling Flash           Conj/Hex       0%         N/A       98%         3
 Frozen Ramparts          Ice            0%         1d1       98%         3
 Gell's Gravitas          Tloc           0%         N/A       98%         3
 Ignite Poison            Fire/Tmut/Pois 0%         N/A       98%         3
 Inner Flame              Hex/Fire       0%         N/A       98%         3
 Mephitic Cloud           Conj/Pois/Air  0%         N/A       98%         3
 Ozocubu's Armour         Ice            0%         N/A       98%         3
 Portal Projectile        Hex/Tloc       0%         N/A       98%         3
 Spider Form              Tmut/Pois      0%         N/A       98%         3
 Summon Guardian Golem    Hex/Summ       0%         N/A       98%         3
 Swiftness                Air            0%         N/A       98%         3
 Teleport Other           Tloc           0%         N/A       98%         3
 Tukima's Dance           Hex            0%         N/A       98%         3
 Vampiric Draining        Necr           0%         2d6       98%         3
 Airstrike                Air            0%         2d(0-16)  100%        4
 Animate Armour           Summ/Erth      0%         N/A       100%        4
 Animate Dead             Necr           0%         N/A       100%        4
 Cause Fear               Hex            0%         N/A       100%        4
 Corpse Rot               Necr/Pois/Air  0%         N/A       100%        4
 Dispel Undead            Necr           0%         3d6       100%        4
 Fulminant Prism          Conj/Hex       0%         3d6       100%        4
 Hailstorm                Conj/Ice       0%         3d3       100%        4
 Ice Form                 Ice/Tmut       0%         N/A       100%        4
 Leda's Liquefaction      Hex/Erth       0%         N/A       100%        4
 Olgreb's Toxic Radiance  Pois           0%         N/A       100%        4
 Passage of Golubria      Tloc           0%         N/A       100%        4
 Petrify                  Tmut/Erth      0%         N/A       100%        4
 Sticky Flame             Conj/Fire      0%         2d3       100%        4
 Summon Lightning Spire   Summ/Air       0%         N/A       100%        4
 Agony                    Necr           0%         N/A       100%        5
 Borgnjor's Vile Clutch   Necr/Erth      0%         N/A       100%        5
 Freezing Cloud           Conj/Ice/Air   0%         6-21      100%        5
 Irradiate                Conj/Tmut      0%         3d11      100%        5
 Lee's Rapid Deconstruct  Erth           0%         3d5*      100%        5
 Lightning Bolt           Conj/Air       0%         1d11      100%        5
 Metabolic Englaciation   Hex/Ice        0%         N/A       100%        5
 Silence                  Hex/Air        0%         N/A       100%        5
 Yara's Violent Unravell  Hex/Tmut       0%         3d3       100%        5
 Death Channel            Necr           0%         N/A       100%        6
 Dispersal                Tloc           0%         N/A       100%        6
 Simulacrum               Ice/Necr       0%         N/A       100%        6
 Statue Form              Tmut/Erth      0%         N/A       100%        6
 Summon Cactus Giant      Summ           0%         N/A       100%        6
 Dragon Form              Tmut           0%         N/A       100%        7
 Enfeeble                 Hex            0%         N/A       100%        7
 Haunt                    Necr/Summ      0%         N/A       100%        7
 Malign Gateway           Summ/Tloc      0%         N/A       100%        7
 Orb of Destruction       Conj           0%         9d5       100%        7
 Spellforged Servitor     Conj/Summ      0%         N/A       100%        7
 Storm Form               Tmut/Air       0%         N/A       100%        7
 Discord                  Hex            0%         N/A       100%        8
 Infestation              Necr           0%         N/A       100%        8
 Lehudib's Crystal Spear  Conj/Erth      0%         10d2      100%        8
 Maxwell's Capacitive Co  Air            0%         ∞         100%        8
 Summon Horrible Things   Summ           0%         N/A       100%        8
 Chain Lightning          Conj/Air       0%         N/A       100%        9
 Dragon's Call            Summ           0%         N/A       100%        9


Dungeon Overview and Level Annotations

Branches:
Dungeon (15/15)            Temple (1/1) D:7            Lair (5/5) D:10
 Shoals (4/4) Lair:3        Snake (4/4) Lair:2        Slime (0/5) Lair:5
    Orc (2/2) D:10            Elf (3/3) Orc:2        Vaults (5/5) D:14
  Crypt (3/3) Vaults:3       Tomb (0/3) Crypt:3      Depths (4/4) D:15
   Hell (visited)             Dis (0/7) Hell            Geh (0/7) Hell
    Coc (0/7) Hell            Tar (0/7) Hell            Zot (5/5) Depths:4
Volcano (visited)          WizLab (visited)         Gauntlet (visited)

Altars:
Ashenzari
Cheibriados
Dithmenos
Elyvilon
Fedhas
Gozag
Hepliaklqana
Kikubaaqudgha
Makhleb
Nemelex Xobeh
Okawaru
Qazlal
Ru
Sif Muna
Trog
Uskayaw
Vehumet
Wu Jian
Xom
Yredelemnul
Zin
The Shining One
Jiyva

Shops:
D:11 ?   Orc:2 =[[:!   Elf:1 :=:   Shoals:3 !   Snake:1 :!(*   Snake:4 [*
Vaults:1 [   Vaults:2 ?   Vaults:4 (   Depths:1 :[!:   Depths:3 (   Depths:4 =

Portals:
Hell: Depths:1 Depths:2 Depths:3 Depths:4
Abyss: Depths:3
Pandemonium: Depths:2
Ziggurat: Depths:3

Annotations:
Zot:5 1 exclusion


Innate Abilities, Weirdness & Mutations

((You are very nimble when in or above water. (Stealth+, EV+, Speed+++)))
Your lower body shifts to a powerful aquatic tail in water.
You have a pair of small horns on your head.
Your magical capacity is very low. (-20% MP)
Your system is resistant to poisons. (rPois)
You are weak. (Str -2)


Message History

You see here a +3 war axe.
You see here a +0 halberd.
Items here: )))))) [[[[.
There is a stone staircase leading up, spattered with blood here.
You climb upwards.
There is a stone staircase leading down here.
(D) Dungeon (T) Temple (L) Lair (A) Shoals (P) Snake Pit (M) Slime Pits (O) Orcish Mines (E) Elven Halls (V) Vaults (C) Crypt (W) Tomb (U) Depths (H) Hell (I) Dis (G) Gehenna (X) Cocytus (Y) Tartarus (Z) Zot
Where to? (* - list waypoints, Enter - D:1, ? - help)
There is an open door here.
There is an open door here.
You see here a +0 shortbow.
There is a stone staircase leading up here.
You climb upwards.
There is a stone staircase leading down here.
There is a stone staircase leading up here.
You climb upwards.
There is a stone staircase leading down here.
You see here a +0 spear.
You see here a +0 spear.
There is a stone staircase leading up here.
You climb upwards.
There is a stone staircase leading down here.
You see here a +0 spear.
There is a stone staircase leading up here.
You climb upwards.
There is a stone staircase leading down here.
(D) Dungeon (T) Temple (L) Lair (A) Shoals (P) Snake Pit (M) Slime Pits (O) Orcish Mines (E) Elven Halls (V) Vaults (C) Crypt (W) Tomb (U) Depths (H) Hell (I) Dis (G) Gehenna (X) Cocytus (Y) Tartarus (Z) Zot
Where to? (* - list waypoints, Enter - D:1, ? - help)
Okay, then.
There is an open door here.
There is a staircase leading out of the dungeon here.
You have escaped!

############ ####
#...#......# #...
#...#..###.# #.##
###'#....#.# #.#
#.#....8.#.## #.#
#.#..#......###.#
#.'.####.....##.#
#.#..#..........#
#@#....8.#.####.##
###'#....#.# #...
#...#..###.# ####
#...#......#
############


There were no monsters in sight!

Vanquished Creatures
  3 dread liches (Zot:5)
  Tiamat (Zot:1)
  2 orbs of fire (Zot:5)
  An ancient lich (Zot:5)
  A juggernaut (Depths:4)
  A shard shrike (Zot:5)
  6 Killer Klowns
  The ghost of Hiliwumm the Slayer, a veteran MiGl of Okawaru (Elf:1)
  The ghost of Cuucabuana the Slayer, a veteran MiGl of Okawaru (Elf:2)
  3 curse toes
  2 caustic shrikes (Depths:4)
  17 golden dragons
  The ghost of Ewetirimn the Executioner, an adept MiBe of Trog (Elf:2)
  Geryon (Hell)
  Nikola (Shoals:4)
  A bone dragon (D:15)
  The ghost of TuffENuff the Warrior, an adept FoFi of Cheibriados (Snake:3)
  A Hellbinder (WizLab)
  2 Tzitzimimeh
  The ghost of agentgt the Covert, an adept HuVM of Kikubaaqudgha (Elf:2)
  4 doom hounds
  13 tentacled monstrosities
  6 titans
  2 walking crystal tomes (Depths:3)
  4 liches
  25 Orb Guardians (Zot:5)
  A hellephant (Depths:1)
  3 deep elf blademasters
  10 quicksilver dragons
  2 deep elf master archers (Elf:3)
  The ghost of rrossfarrar the Sabretooth, an adept FeBe of Trog (Elf:2)
  The ghost of mdmota the Eclecticist, an adept DjCK of Xom (Elf:2)
  6 acid blobs (D:13)
  16 death cobs
  3 ancient champions
  Gastronok (Lair:1)
  Polyphemus (Shoals:3)
  The ghost of wjtupper the Warrior, an adept MiHu of Okawaru (Snake:3)
  Kirke (Lair:3)
  7 shadow dragons
  6 sphinxes
  7 tengu reavers
  16 storm dragons
  4 draconian knights
  Roxanne (D:15)
  12 draconian monks
  5 revenants
  3 azure jellies (D:13)
  4 nagarajas (Snake:4)
  The ghost of Puq Cuid the Slicer, an adept KoAK of Lugonu (Elf:2)
  5 deep elf sorcerers
  3 iron dragons
  Aizul (Snake:1)
  8 fire giants
  5 balrugs
  9 draconian shifters
  10 draconian scorchers
  19 frost giants
  10 vault wardens
  A ghost moth (shapeshifter) (Vaults:3)
  3 cacodemons
  2 draconian stormcallers
  A ghost moth (Zot:5)
  A ghoul (Crypt:1)
  Louise (Shoals:1)
  6 deep elf elementalists
  A juggernaut zombie (Crypt:3)
  3 curse skulls
  An orc warlord (Vaults:4)
  14 ironbound preservers
  19 stone giants
  A reaper (Hell)
  20 very ugly things
  9 war gargoyles
  A demonspawn blood saint (WizLab)
  A caustic shrike skeleton (Crypt:3)
  10 vampire knights
  12 ironbound thunderhulks
  20 draconian annihilators
  Nessos (D:15)
  The ghost of Waiqythrias the Geomancer, a journeyman DrFE of Ashenzari (Lair:3)
  10 deep elf annihilators
  18 black draconians
  3 dire elephants (Vaults:4)
  19 green draconians
  13 yellow draconians
  17 red draconians
  3 spark wasps
  6 deep elf demonologists
  14 white draconians
  A lorocyproca (WizLab)
  2 minotaurs (Shoals:4)
  The ghost of Relos the Basher, a journeyman MiFi of the Shining One (D:14)
  2 entropy weavers (Vaults:2)
  13 purple draconians
  2 crystal guardians
  The ghost of Endbringerleviathan the Thaumaturge, a journeyman NaFE of Gozag (Orc:1)
  3 merfolk impalers
  4 eidola
  8 ettins
  12 deep elf death magi
  A mummy priest (Crypt:3)
  A merfolk javelineer (Shoals:3)
  Josephine (D:12)
  10 fire dragons
  15 jiangshi
  A green death (WizLab)
  31 vault guards
  4 blizzard demons
  7 great orbs of eyes
  16 yaktaur captains
  5 boulder beetles
  Fannar (Lair:2)
  Erolcha (D:9)
  5 catoblepae
  A deep elf high priest (Elf:3)
  A hell beast (WizLab)
  A hydra (shapeshifter) (Depths:3)
  9 ironbound frosthearts
  15 ice dragons
  13 centaur warriors
  4 salamander tyrants (Snake:4)
  8 hydras
  6 ogre magi
  A spriggan skeleton (Crypt:3)
  2 spriggan air magi
  2 alligator snapping turtles
  2 peacekeepers
  The ghost of waxwing the Summoner, a journeyman DgSu (D:13)
  Erica (D:9)
  6 merfolk avatars
  8 two-headed ogres
  7 anacondas
  2 merfolk aquamancers
  16 death yaks
  9 naga warriors
  12 satyrs
  An alligator (shapeshifter) (Vaults:5)
  12 vampire magi
  2 death knights
  3 hell hogs (Depths:1)
  16 deep troll earth magi
  9 naga sharpshooters
  3 tengu warriors
  8 deep troll shamans
  34 dancing weapons
  6 shock serpents
  19 hell knights
  4 soul eaters
  5 spriggan berserkers
  12 sun demons
  5 orc high priests (Orc:2)
  Nergalle (Lair:2)
  24 deep elf knights
  A fire crab (shapeshifter) (Vaults:5)
  2 salamander mystics (Snake:3)
  6 spectral anacondas (Snake:3)
  A shadow wraith (Crypt:2)
  25 skeletal warriors
  A goliath frog (shapeshifter) (Vaults:5)
  2 death drakes (Depths:4)
  12 iron trolls
  11 sea snakes
  A bog body (Crypt:2)
  A bunyip zombie (Hell)
  5 glowing orange brains
  13 flayed ghosts
  6 naga ritualists
  8 wizards
  A shadow demon (WizLab)
  57 deep trolls
  3 anaconda skeletons (Snake:3)
  7 anaconda zombies (Snake:3)
  12 deep elf archers
  17 ironbound convokers
  Pikel (D:9)
  26 deep elf zephyrmancers
  8 necromancers
  20 phantasmal warriors
  4 lindwurms
  20 harpies
  13 orc knights
  9 mana vipers
  A stone giant zombie (Vaults:5)
  34 deep elf pyromancers
  An iron dragon skeleton (Crypt:3)
  24 fauns
  15 salamanders
  39 ugly things
  A frost giant zombie (Depths:2)
  36 moths of wrath
  15 manticores
  A faun (shapeshifter) (Depths:3)
  A sphinx skeleton (Vaults:2)
  6 elephants
  9 cyclopes
  32 black mambas
  5 large abominations (Depths:1)
  5 water nymphs
  14 vault sentinels
  10 merfolk sirens
  A guardian serpent (shapeshifter) (Elf:3)
  10 rust devils
  A dire elephant zombie (Crypt:3)
  An orc zombie (Crypt:3)
  6 smoke demons
  A guardian serpent (Snake:4)
  16 naga magi
  3 eyes of devastation
  5 gargoyles
  Joseph (Lair:1)
  A molten gargoyle (Volcano)
  4 unseen horrors (Elf:3)
  3 rime drakes
  An orange demon (WizLab)
  A pale draconian zombie (Crypt:2)
  A torpor snail (Lair:4)
  18 cane toads
  An unseen horror zombie (Crypt:2)
  16 komodo dragons
  A spark wasp simulacrum (Depths:2)
  A shock serpent skeleton (Crypt:2)
  A hellion (WizLab)
  3 tormentors
  4 efreet
  A yaktaur (shapeshifter) (Elf:3)
  29 yaktaurs
  9 freezing wraiths
  An elf zombie (Vaults:5)
  A kobold demonologist (D:11)
  4 anaconda simulacra (Snake:3)
  A centaur skeleton (Crypt:3)
  5 ice devils
  A tengu conjurer (D:15)
  3 harpy zombies
  A hellwing (WizLab)
  A hydra zombie (Crypt:1)
  A queen bee (shapeshifter) (Vaults:5)
  A death yak skeleton (Crypt:2)
  10 red devils
  4 wind drakes
  8 trolls
  2 merfolk (shapeshifter)
  15 merfolk
  2 trolls (shapeshifter)
  A hornet (Lair:3)
  Prince Ribbit (D:5)
  3 polar bears
  A tengu simulacrum (Vaults:2)
  A tarantella (shapeshifter) (D:14)
  25 blink frogs
  A sphinx simulacrum (Vaults:1)
  33 slime creatures
  5 dream sheep (Lair:5)
  A blink frog (shapeshifter) (Vaults:5)
  A deep troll zombie (Vaults:5)
  7 snapping turtles
  A harpy skeleton (Crypt:1)
  2 centaur simulacra
  An ettin skeleton (Vaults:2)
  5 spriggans (Lair:3)
  2 air elementals
  2 culicivoras (Vaults:2)
  11 flying skulls
  4 wyverns
  17 wraiths
  39 yaks
  10 water elementals
  5 shadows (Crypt:3)
  4 vampires (Crypt:3)
  2 ynoxinuls (WizLab)
  4 basilisks
  2 chaos spawn (WizLab)
  An elf skeleton (Vaults:5)
  A steam dragon (D:8)
  9 fire elementals
  A redback (Vaults:2)
  9 vampire mosquitoes
  An acid dragon (D:12)
  40 water moccasins
  A two-headed ogre zombie (Crypt:3)
  A faun zombie (Crypt:1)
  47 nagas
  2 floating eyes
  A glowing shapeshifter skeleton (Vaults:2)
  Duvessa (D:7)
  A hell hound (Gauntlet)
  A naga skeleton (Hell)
  A merfolk skeleton (Crypt:2)
  4 ice beasts
  A black bear (D:5)
  32 orc warriors
  A sky beast (D:8)
  7 small abominations (Depths:1)
  2 ettin simulacra
  6 boggarts
  11 ogres
  20 wolves
  6 centaurs
  2 phantoms (D:6)
  A rime drake zombie (Crypt:1)
  2 vine stalker zombies
  7 earth elementals
  3 kobold brigands
  16 bullfrogs
  A glowing shapeshifter simulacrum (Depths:2)
  7 necrophages
  2 scorpions
  3 gnoll sergeants
  9 wights
  Dowan (D:7)
  8 killer bees (D:11)
  A howler monkey (D:8)
  An electric eel (D:14)
  2 jellies (Gauntlet)
  27 orc priests
  2 hounds
  A gnoll bouda (D:9)
  A black bear skeleton (Crypt:2)
  A human skeleton (Crypt:1)
  7 iguanas
  Terence (D:2)
  19 orc wizards
  An ogre zombie (Crypt:1)
  26 adders
  15 gnolls
  4 shadow imps
  2 white imps
  3 ufetubi
  3 worms
  A dart slug (D:3)
  108 orcs
  4 ball pythons
  5 endoplasms
  4 giant cockroaches
  A gnoll zombie (Crypt:2)
  6 hobgoblins
  15 kobolds
  6 quokkas
  5 bats
  4 frilled lizards (D:1)
  7 goblins
  A hobgoblin zombie (Crypt:1)
  7 rats
  A rat zombie (Crypt:2)
  3 fire vortices
2455 creatures vanquished.

Vanquished Creatures (collateral kills)
  Mennas (Vaults:2)
  Sojobo (Depths:4)
  A caustic shrike (Depths:4)
  Jory (Vaults:2)
  A lich (Depths:3)
  Rupert (Lair:5)
  A shadow dragon (Depths:4)
  The ghost of Huol the Warrior, an adept FoFi of Okawaru (Elf:2)
  An ironbound preserver (Vaults:2)
  A deep elf annihilator (Vaults:2)
  A white draconian (Depths:4)
  A minotaur (Gauntlet)
  A merfolk impaler (Shoals:3)
  A deep elf high priest (Vaults:2)
  A dancing weapon (Elf:2)
  A soul eater (Hell)
  A death drake (Depths:4)
  A deep elf archer (Vaults:2)
  A deep elf pyromancer (Vaults:2)
  A deep elf zephyrmancer (Vaults:2)
  2 ugly things (Depths:3)
  2 rust devils (Hell)
  A hellion (Hell)
  Maggie (D:7)
  A merfolk (Shoals:3)
  A harpy skeleton (Hell)
  An earth elemental (Elf:2)
  A hound (D:7)
30 creatures vanquished.

Vanquished Creatures (others)
  A curse toe (Zot:5)
  A deep elf elementalist (Elf:3)
  A very ugly thing (Depths:3)
  A sun demon (WizLab)
  2 deep elf knights (Elf:1)
  A sea snake (Shoals:4)
  A wizard (Depths:2)
  2 deep elf pyromancers
  A harpy (Shoals:4)
  2 humans (Lair:3)
  11 bushes (Depths:2)
  A butterfly (Depths:2)
  40 fungi
  118 plants
  12 withered plants
195 creatures vanquished.

Grand Total: 2680 creatures vanquished

Notes
Turn   | Place    | Note
-------+----------+-------------------------------------------
     0 | D:1      | IceLeopardTea the Merfolk Berserker began the quest for the
                  | Orb.
     0 | D:1      | Reached XP level 1. HP: 18/18 MP: 1/1
   275 | D:1      | Reached XP level 2. HP: 22/24 MP: 2/2
   600 | D:1      | Reached ** piety under Trog
   625 | D:1      | Reached XP level 3. HP: 29/29 MP: 3/3
   788 | D:1      | Reached skill level 1 in Shields
   961 | D:1      | Found a faded altar of an unknown god.
  1135 | D:2      | Found an ancient bone altar of Kikubaaqudgha.
  1319 | D:2      | Noticed Terence
  2104 | D:2      | Reached XP level 4. HP: 37/37 MP: 4/4
  2428 | D:3      | Found a broken altar of Ashenzari.
  2585 | D:3      | Reached XP level 5. HP: 15/42 MP: 5/5
  2590 | D:3      | Reached *** piety under Trog
  2837 | D:3      | Reached skill level 5 in Long Blades
  3433 | D:2      | Killed Terence
  3563 | D:3      | Reached XP level 6. HP: 33/48 MP: 6/6
  4272 | D:4      | Reached XP level 7. HP: 39/55 MP: 7/7
  4567 | D:4      | Found a radiant altar of Vehumet.
  4571 | D:4      | Found a transporter.
  4584 | D:4      | Found a transporter.
  4884 | D:5      | Entered Level 5 of the Dungeon
  5045 | D:5      | Reached skill level 5 in Dodging
  5101 | D:5      | Reached skill level 5 in Fighting
  5374 | D:5      | Reached XP level 8. HP: 62/62 MP: 8/8
  5585 | D:5      | Noticed Prince Ribbit
  5604 | D:5      | Killed Prince Ribbit
  6494 | D:6      | Reached **** piety under Trog
  6583 | D:6      | Reached XP level 9. HP: 49/69 MP: 9/9
  7225 | D:6      | Reached skill level 5 in Shields
  7235 | D:6      | Found an opulent altar of Gozag.
  7435 | D:7      | Noticed Duvessa
  7435 | D:7      | Noticed Dowan
  7447 | D:7      | Killed Duvessa
  7455 | D:7      | Killed Dowan
  7675 | D:7      | Noticed Maggie
  7690 | D:7      | Killed Maggie
  7873 | D:7      | Reached XP level 10. HP: 79/79 MP: 10/10
  7932 | D:7      | Found a glowing silver altar of Zin.
  8068 | D:7      | Reached skill level 1 in Throwing
  8235 | D:7      | Found a glowing golden altar of the Shining One.
  8377 | D:7      | Found a staircase to the Ecumenical Temple.
  8386 | Temple   | Entered the Ecumenical Temple
  8873 | D:7      | Reached skill level 5 in Armour
  8984 | D:8      | Identified the +1 pair of boots of the Untouchables {Str+5}
  9609 | D:9      | Noticed Erolcha
  9680 | D:9      | Noticed Erica
  9694 | D:9      | Killed Erica
  9778 | D:9      | Reached ***** piety under Trog
  9856 | D:9      | Reached skill level 10 in Long Blades
 10030 | D:9      | Reached XP level 11. HP: 87/87 MP: 11/11
 10038 | D:9      | Killed Erolcha
 10041 | D:9      | Noticed Pikel
 10055 | D:9      | Killed Pikel
 10358 | D:10     | Entered Level 10 of the Dungeon
 10493 | D:10     | Found a shadowy altar of Dithmenos.
 10554 | D:10     | Noticed a two-headed ogre
 10570 | D:10     | Killed a two-headed ogre
 10571 | D:10     | Reached skill level 10 in Dodging
 10763 | D:10     | Received a gift from Trog
 11239 | D:10     | Found a staircase to the Orcish Mines.
 11558 | D:10     | Reached skill level 5 in Throwing
 11861 | D:10     | Found a staircase to the Lair.
 12100 | Lair:1   | Entered Level 1 of the Lair of Beasts
 12402 | Lair:1   | Noticed a four-headed hydra
 12409 | Lair:1   | Killed a one-headed hydra
 12410 | Lair:1   | Reached XP level 12. HP: 94/96 MP: 12/12
 12575 | Lair:1   | Noticed Gastronok
 12594 | Lair:1   | Killed Gastronok
 12844 | Lair:1   | Noticed Joseph
 12876 | Lair:1   | Killed Joseph
 12876 | Lair:1   | Received a gift from Trog
 13575 | Lair:1   | Noticed a four-headed hydra
 13578 | Lair:1   | Noticed a six-headed hydra
 13593 | Lair:1   | Killed a one-headed hydra
 13607 | Lair:1   | Killed a one-headed hydra
 13608 | Lair:1   | Reached skill level 10 in Fighting
 14011 | Lair:2   | Noticed Fannar
 14056 | Lair:2   | Killed Fannar
 14276 | Lair:2   | Reached XP level 13. HP: 92/104 MP: 13/13
 14426 | Lair:2   | Found a gate leading to a gauntlet.
 14444 | Lair:2   | Noticed Nergalle
 14447 | Gauntlet | Entered a Gauntlet
 14447 | Gauntlet | Found a transporter.
 14447 | Gauntlet | Found a transporter.
 14448 | Gauntlet | Found a transporter.
 14461 | Gauntlet | Found a transporter.
 14483 | Gauntlet | Found a transporter.
 14486 | Gauntlet | Found a transporter.
 14496 | Gauntlet | Found a transporter.
 14502 | Gauntlet | Found a transporter.
 14502 | Gauntlet | Found a transporter.
 14504 | Gauntlet | Found a transporter.
 14510 | Gauntlet | Noticed an entropy weaver
 14510 | Gauntlet | Found the +3 robe of Clouds {*Thunder rCloud rElec}
 14524 | Gauntlet | Found a transporter.
 14526 | Gauntlet | Found a transporter.
 15092 | Gauntlet | Noticed a minotaur
 15099 | Gauntlet | Killed a minotaur
 15112 | Gauntlet | Identified the +1 leather armour of Soft Awe {rF+ Dex+7}
 15133 | Lair:2   | Killed Nergalle
 15530 | Lair:2   | Found a staircase to the Snake Pit.
 15586 | Lair:2   | Received a gift from Trog
 16156 | Lair:3   | Noticed Kirke
 16166 | Lair:3   | Noticed a sphinx
 16188 | Lair:3   | Killed Kirke
 16242 | Lair:3   | Found a transporter.
 16248 | Lair:3   | Found a transporter.
 16314 | Lair:3   | Noticed Waiqythrias's ghost (journeyman DrFE)
 16323 | Lair:3   | Found a bloodstained altar of Trog.
 16323 | Lair:3   | You fall into a shaft and drop 2 floors!
 16323 | Lair:5   | Entered Level 5 of the Lair of Beasts
 16501 | Lair:4   | Found a dark tunnel.
 16591 | Lair:4   | Reached skill level 10 in Shields
 16819 | Volcano  | Entered a volcano
 16875 | Volcano  | Reached XP level 14. HP: 93/113 MP: 14/14
 17752 | Lair:3   | Found a staircase to the Shoals.
 19126 | Lair:4   | Received a gift from Trog
 19481 | Lair:5   | Found a viscous altar of Jiyva.
 19481 | Lair:5   | Paralysed by a floating eye for 2 turns
 19485 | Lair:5   | Found a staircase to the Slime Pits.
 19749 | Lair:5   | Noticed Rupert
 19758 | Lair:5   | Killed Rupert
 20189 | Lair:5   | Reached XP level 15. HP: 104/122 MP: 15/15
 20674 | Lair:5   | Identified the amulet "Tiof" {Regen+ Int+4}
 20931 | Orc:1    | Entered Level 1 of the Orcish Mines
 21080 | Orc:2    | Entered Level 2 of the Orcish Mines
 21397 | Orc:1    | Found a runed translucent door.
 21406 | Orc:1    | Noticed Endbringerleviathan's ghost (journeyman NaFE)
 21663 | Orc:2    | Received a gift from Trog
 21847 | Orc:1    | Reached skill level 10 in Throwing
 21955 | Orc:2    | Found Xeicridi's Jewellery Shoppe.
 22019 | Orc:2    | Found a staircase to the Elven Halls.
 22179 | Orc:2    | Reached skill level 15 in Dodging
 22231 | Orc:2    | Found Catsoiz's Book Boutique.
 22231 | Orc:2    | Found Xaricir's Armour Shop.
 22235 | Orc:2    | Found Kerhesm's Distillery.
 22236 | Orc:2    | Found Ugaessowk's Armour Shop.
 22612 | Orc:2    | Reached skill level 15 in Long Blades
 22796 | D:11     | Received a gift from Trog
 22924 | D:11     | Found Bixaam's Magic Scroll Shoppe.
 23149 | D:11     | Found the +7 staff of the Meek {protect, meekguard}
 24346 | D:12     | Noticed Josephine
 24358 | D:12     | Killed Josephine
 24741 | D:13     | Reached ****** piety under Trog
 24747 | D:13     | Received a gift from Trog
 24851 | D:13     | Reached skill level 10 in Armour
 24957 | D:13     | Found a runed translucent gate.
 24957 | D:13     | Found a runed translucent gate.
 24959 | D:13     | Found a runed translucent gate.
 24960 | D:13     | Noticed an acid blob
 24960 | D:13     | Noticed an acid blob
 24961 | D:13     | Noticed an azure jelly
 24961 | D:13     | Noticed an acid blob
 24961 | D:13     | Noticed an acid blob
 24961 | D:13     | Noticed an azure jelly
 24961 | D:13     | Noticed an azure jelly
 24962 | D:13     | Found a viscous altar of Jiyva.
 24962 | D:13     | Noticed an acid blob
 24962 | D:13     | Noticed an azure jelly
 24962 | D:13     | Noticed waxwing's ghost (journeyman DgSu)
 24962 | D:13     | Noticed an acid blob
 25413 | D:14     | Reached XP level 16. HP: 133/133 MP: 16/16
 25623 | D:14     | Found a runed translucent gate.
 25623 | D:14     | Found a runed translucent gate.
 25623 | D:14     | Found a runed translucent gate.
 25624 | D:14     | Found an opulent altar of Gozag.
 25624 | D:14     | Noticed Relos's ghost (journeyman MiFi)
 25824 | D:14     | Found a blossoming altar of Fedhas.
 26023 | D:14     | Found a gate to the Vaults.
 26259 | D:15     | Entered Level 15 of the Dungeon
 26338 | D:15     | Noticed Nessos
 26374 | D:15     | Killed Nessos
 26586 | D:15     | Found a staircase to the Depths.
 26945 | D:15     | Identified Roxanne's Grimoire of Shapes
 26945 | D:15     | Noticed Roxanne
 27177 | D:15     | Killed Roxanne
 27806 | Shoals:1 | Entered Level 1 of the Shoals
 27951 | Lair:3   | Killed Waiqythrias's ghost
 28186 | Shoals:1 | Noticed a titan
 28280 | Shoals:1 | Killed a titan
 28591 | Shoals:1 | Noticed Louise
 28828 | Orc:2    | Bought the ring of Ysam {rElec Will+ EV+4 Int+4} for 896
                  | gold pieces
 28828 | Orc:2    | Bought the ring "Sejyxt" {rN+ Will+ Int-2 SInv} for 456
                  | gold pieces
 29098 | Shoals:1 | Killed Louise
 29237 | Shoals:1 | Received a gift from Trog
 29465 | Shoals:2 | Reached XP level 17. HP: 136/140 MP: 17/17
 29494 | Shoals:2 | Reached skill level 15 in Fighting
 30487 | Shoals:3 | Found Qosoos's Distillery.
 30616 | Shoals:3 | Identified the +10 scimitar of Incongruity {vorpal, Dex+4}
                  | (Trog gifted it to you on level 3 of the Shoals)
 30616 | Shoals:3 | Received a gift from Trog
 30771 | Shoals:3 | Noticed Polyphemus
 30802 | Shoals:3 | Killed Polyphemus
 31039 | Shoals:4 | Entered Level 4 of the Shoals
 31640 | Shoals:4 | Received a gift from Trog
 31684 | Shoals:4 | Noticed a sphinx
 31684 | Shoals:4 | Noticed a sphinx
 31701 | Shoals:4 | Killed a sphinx
 31707 | Shoals:4 | Killed a sphinx
 31812 | Shoals:4 | Got a barnacled rune of Zot
 31818 | Shoals:4 | Identified the amulet "Fiupuczo" {Acrobat rElec Will+ Str+5
                  | Dex+4}
 32040 | Shoals:4 | Noticed Nikola
 32114 | Shoals:4 | Reached XP level 18. HP: 107/151 MP: 18/18
 32168 | Shoals:4 | Killed Nikola
 32616 | Snake:1  | Entered Level 1 of the Snake Pit
 32883 | Snake:1  | Found Ujaxut's Distillery.
 32934 | Snake:1  | Found Myudifi's Book Shop.
 32955 | Snake:1  | Found Oxtips's Weapon Shoppe.
 32958 | Snake:1  | Noticed Aizul
 32981 | Snake:1  | Killed Aizul
 33364 | Snake:1  | Found Fogimn Visi's General Store.
 33597 | Snake:1  | Identified the +6 flail "Leviticus" {flame, rPois rN+ Str+2
                  | Stlth+}
 33870 | Snake:2  | Received a gift from Trog
 34939 | Snake:3  | Found a runed translucent gate.
 34940 | Snake:3  | Found a runed translucent gate.
 35325 | Snake:3  | Received a gift from Trog
 35497 | Snake:3  | Identified a scroll of acquirement
 35855 | Snake:3  | Found a runed translucent gate.
 35858 | Snake:3  | Noticed TuffENuff's ghost (adept FoFi)
 35859 | Snake:3  | Noticed wjtupper's ghost (adept MiHu)
 36120 | Snake:4  | Entered Level 4 of the Snake Pit
 36135 | Snake:4  | Found Beoxut's Armour Shoppe.
 36142 | Snake:4  | Found Afussog's Assorted Antiques.
 36148 | Snake:4  | Bought a pair of ichor-stained boots for 370 gold pieces
 36148 | Snake:4  | Identified the +2 pair of boots of the Desert {Str+2 Int+4
                  | Slay-4} (You bought it in a shop on level 4 of the Snake
                  | Pit)
 36198 | Snake:4  | Reached XP level 19. HP: 150/159 MP: 19/19
 36248 | Snake:4  | Identified the +5 falchion "Vemaxevi" {vorpal, Dex+7}
 37068 | Snake:4  | Received a gift from Trog
 37634 | Snake:4  | Got a serpentine rune of Zot
 38168 | Orc:1    | Killed Endbringerleviathan's ghost
 38384 | D:14     | Killed Relos's ghost
 38499 | Vaults:1 | Entered Level 1 of the Vaults
 38691 | Vaults:1 | Found a magical portal.
 38700 | WizLab   | Entered The Hall of the Hellbinder
 38815 | WizLab   | Received a gift from Trog
 38959 | WizLab   | Gained mutation: You are weak. (Str -2) [a cacodemon]
 38971 | WizLab   | Gained mutation: Armour fits poorly on your strangely
                  | shaped body. [a cacodemon]
 38972 | WizLab   | Gained mutation: You are frail. (-10% HP) [a cacodemon]
 39290 | WizLab   | Identified the ring "Riul" {Wiz rElec}
 39310 | WizLab   | Noticed Helenu
 39330 | WizLab   | Killed Helenu the Hellbinder
 39354 | WizLab   | Found a burning altar of Makhleb.
 39364 | WizLab   | Identified the ring "Adiaproxt" {rPois rF+ rN+}
 39371 | WizLab   | Got the Tome of Adjuration
 39388 | WizLab   | Found the +2 cloak of the Thief {*Fog Slay-2 SInv Stlth+}
 39395 | WizLab   | Identified the +0 ring mail of Jigsaw {Stlth+}
 39402 | WizLab   | Identified the amulet "Biarghoo" {Reflect rC+ Regen+ Int+3
                  | SH+5}
 39778 | Orc:2    | Bought a potion of mutation for 120 gold pieces
 39893 | D:10     | Lost mutation: Armour fits poorly on your strangely shaped
                  | body. [potion of mutation]
 39893 | D:10     | Lost mutation: You are weak. (Str -2) [potion of mutation]
 39893 | D:10     | Gained mutation: You are dopey. (Int -2) [potion of
                  | mutation]
 39893 | D:10     | Gained mutation: You expend magic power (3 MP) to
                  | strengthen your wands. [potion of mutation]
 40651 | Vaults:1 | Found Kiumus's Antique Armour Shop.
 41424 | Vaults:2 | Identified the +8 long sword "Tapsusk" {vorpal, rC+} (Trog
                  | gifted it to you on level 2 of the Vaults)
 41424 | Vaults:2 | Received a gift from Trog
 41481 | Vaults:2 | Noticed Mennas
 41493 | Vaults:2 | Killed Mennas
 41526 | Vaults:2 | Reached XP level 20. HP: 151/151 MP: 20/20
 41603 | Vaults:2 | Identified the +11 scimitar of Melee {freeze, *Noise rElec
                  | rC- Dex+8}
 42245 | Vaults:2 | Found Gilah's Magic Scroll Shoppe.
 42412 | Vaults:2 | Noticed Jory
 42438 | Vaults:2 | Received a gift from Trog
 42441 | Vaults:2 | Killed Jory
 42846 | Vaults:3 | Found a staircase to the Crypt.
 44579 | Vaults:4 | Reached XP level 21. HP: 65/159 MP: 21/21
 44725 | Vaults:4 | Received a gift from Trog
 45128 | Vaults:4 | Found Samogew's Antique Weapon Shop.
 45704 | Vaults:4 | Got the Parchment of Feathers
 46186 | D:10     | Lost mutation: You are frail. (-10% HP) [potion of
                  | mutation]
 46186 | D:10     | Lost mutation: You are dopey. (Int -2) [potion of mutation]
 46186 | D:10     | Gained mutation: You have sharp fingernails. [potion of
                  | mutation]
 46186 | D:10     | Gained mutation: You are frail. (-10% HP) [potion of
                  | mutation]
 46186 | D:10     | Gained mutation: Your system is resistant to poisons.
                  | (rPois) [potion of mutation]
 46197 | D:10     | Acquired a +0 double sword of holy wrath
 46286 | Elf:1    | Entered Level 1 of the Elven Halls
 46341 | Elf:1    | Received a gift from Trog
 46706 | Elf:1    | Reached skill level 15 in Shields
 46812 | Elf:1    | Reached skill level 15 in Throwing
 47113 | Elf:1    | Found Cususs's Book Shoppe.
 47114 | Elf:1    | Found Xuaciod's Jewellery Shop.
 47115 | Elf:1    | Found Taghewyr's Book Shoppe.
 47336 | Elf:2    | Received a gift from Trog
 47404 | Elf:2    | Found a huge runed gate.
 47404 | Elf:2    | Found a huge runed gate.
 47404 | Elf:2    | Found a huge runed gate.
 47404 | Elf:2    | Found a huge runed gate.
 47404 | Elf:2    | Found a huge runed gate.
 47404 | Elf:2    | Found a huge runed gate.
 47404 | Elf:2    | Found a huge runed gate.
 47407 | Elf:2    | Found a huge runed gate.
 47407 | Elf:2    | Found a huge runed gate.
 47408 | Elf:2    | Found a huge runed gate.
 47430 | Elf:2    | Found a huge runed gate.
 47430 | Elf:2    | Found a huge runed gate.
 47430 | Elf:2    | Found a huge runed gate.
 47430 | Elf:2    | Found a huge runed gate.
 47430 | Elf:2    | Found a huge runed gate.
 47442 | Elf:2    | Found a huge runed gate.
 47442 | Elf:2    | Found a huge runed gate.
 47442 | Elf:2    | Found a huge runed gate.
 47442 | Elf:2    | Found a huge runed gate.
 47442 | Elf:2    | Found a huge runed gate.
 47442 | Elf:2    | Found a huge runed gate.
 47443 | Elf:2    | Found a huge runed gate.
 47444 | Elf:2    | Found a huge runed gate.
 47446 | Elf:2    | Found a huge runed gate.
 47455 | Elf:2    | Found a huge runed gate.
 47455 | Elf:2    | Found a huge runed gate.
 47455 | Elf:2    | Found a huge runed gate.
 47455 | Elf:2    | Found a huge runed gate.
 47455 | Elf:2    | Found a huge runed gate.
 47455 | Elf:2    | Found a huge runed gate.
 47455 | Elf:2    | Found a huge runed gate.
 47463 | Elf:2    | Found the ring of the Mage {Wiz Archmagi}
 47463 | Elf:2    | Noticed rrossfarrar's ghost (adept FeBe)
 47463 | Elf:2    | Noticed mdmota's ghost (adept DjCK)
 47463 | Elf:2    | Noticed agentgt's ghost (adept HuVM)
 47463 | Elf:2    | Noticed Cuucabuana's ghost (veteran MiGl)
 47463 | Elf:2    | Noticed Ewetirimn's ghost (adept MiBe)
 47463 | Elf:2    | Noticed Hiliwumm's ghost (veteran MiGl)
 47463 | Elf:2    | Noticed Puq Cuid's ghost (adept KoAK)
 47463 | Elf:2    | Noticed Huol's ghost (adept FoFi)
 47513 | Elf:1    | Killed Hiliwumm's ghost
 47679 | Elf:2    | Killed Puq Cuid's ghost
 47728 | Elf:2    | Killed agentgt's ghost
 47853 | Elf:2    | Killed Ewetirimn's ghost
 47854 | Elf:2    | Reached XP level 22. HP: 81/167 MP: 22/22
 48000 | Elf:2    | Killed Cuucabuana's ghost
 48024 | Elf:2    | Killed Huol's ghost
 48125 | Elf:2    | Received a gift from Trog
 48139 | Elf:2    | Found a runed translucent gate.
 48140 | Elf:2    | Found a runed translucent gate.
 48140 | Elf:2    | Found a runed translucent gate.
 48186 | Elf:2    | Killed mdmota's ghost
 48223 | Elf:2    | Killed rrossfarrar's ghost
 49194 | Snake:3  | Killed TuffENuff's ghost
 49208 | Snake:3  | Killed wjtupper's ghost
 49515 | Depths:1 | Entered Level 1 of the Depths
 49679 | D:15     | Received a gift from Trog
 49766 | Depths:1 | Found a gateway to Hell.
 49781 | Depths:1 | Found Wyoni's Book Emporium.
 50023 | Depths:1 | Found a flickering gateway to a bazaar.
 50032 | Bazaar   | Entered a bazaar
 50032 | Bazaar   | Found Humopib's Distillery.
 50045 | Bazaar   | Found Uvviac's Antique Armour Emporium.
 50058 | Bazaar   | Found Luingad's Jewellery Emporium.
 50081 | Bazaar   | Bought a runed ring mail for 168 gold pieces
 50180 | Depths:1 | Found Qysow's Book Emporium.
 50260 | Depths:1 | Found Ykoicreopt's Distillery.
 50268 | Depths:1 | Bought a potion of mutation for 152 gold pieces
 50268 | Depths:1 | Found Oruam's Armour Emporium.
 50842 | Depths:2 | Received a gift from Trog
 50854 | Depths:2 | Found a sacrificial altar of Ru.
 51012 | Depths:2 | Found a white marble altar of Elyvilon.
 51079 | Depths:2 | Found a one-way gate leading to the halls of Pandemonium.
 51213 | Depths:2 | Reached XP level 23. HP: 170/176 MP: 23/23
 51470 | Depths:2 | Paralysed by a floating eye for 2 turns
 51479 | Depths:2 | Paralysed by a floating eye for 4 turns
 52171 | Depths:3 | Received a gift from Trog
 52299 | Depths:3 | Found a one-way gateway to a ziggurat.
 52305 | Depths:3 | Found Yjerionet's Weapon Shop.
 52657 | Depths:3 | Found a one-way gate to the infinite horrors of the Abyss.
 52936 | Depths:3 | Noticed a golden dragon
 52951 | Depths:3 | Killed a golden dragon
 53223 | Depths:3 | Noticed a golden dragon
 53242 | Depths:3 | Killed a golden dragon
 53295 | Depths:3 | Noticed a golden dragon
 53295 | Depths:3 | Noticed a golden dragon
 53341 | Depths:3 | Killed a golden dragon
 53354 | Depths:3 | Killed a golden dragon
 53537 | Depths:4 | Entered Level 4 of the Depths
 53688 | Depths:4 | Noticed a juggernaut
 53694 | Depths:4 | Noticed a caustic shrike
 53710 | Depths:4 | Killed a juggernaut
 53724 | Depths:4 | Noticed a caustic shrike
 53954 | Depths:4 | Noticed a caustic shrike
 54007 | Depths:4 | Killed a caustic shrike
 54013 | Depths:4 | Killed a caustic shrike
 54021 | Depths:4 | Killed a caustic shrike
 54077 | Depths:4 | Found Nujuin's Jewellery Shoppe.
 54196 | Depths:4 | Noticed a golden dragon
 54341 | Depths:4 | Identified the +7 hand axe "Wapeirem" {spect, Drain Int+6}
 54572 | Depths:4 | Killed a golden dragon
 54572 | Depths:4 | Received a gift from Trog
 54759 | Depths:4 | Noticed a golden dragon
 54760 | Depths:4 | Reached XP level 24. HP: 103/184 MP: 23/23
 55057 | Depths:4 | Noticed Sojobo
 55072 | Depths:4 | Paralysed by an air elemental for 1 turns
 55080 | Depths:4 | Paralysed by an air elemental for 1 turns
 55678 | Depths:4 | Paralysed by an air elemental for 1 turns
 55682 | Depths:4 | Killed Sojobo
 55893 | Depths:4 | Identified the +7 morningstar "Coampu" {vorpal, Fly rElec
                  | MP+9 Str-4}
 55987 | Depths:4 | Found a gate to the Realm of Zot.
 56106 | Depths:4 | Reached skill level 15 in Armour
 56450 | D:10     | Lost mutation: You expend magic power (3 MP) to strengthen
                  | your wands. [potion of mutation]
 56450 | D:10     | Lost mutation: You have sharp fingernails. [potion of
                  | mutation]
 56450 | D:10     | Gained mutation: You sometimes lose your temper in combat.
                  | [potion of mutation]
 56450 | D:10     | Lost mutation: You are frail. (-10% HP) [potion of
                  | mutation]
 56450 | D:10     | Lost mutation: You sometimes lose your temper in combat.
                  | [potion of mutation]
 56585 | Elf:3    | Entered Level 3 of the Elven Halls
 57018 | Elf:3    | Received a gift from Trog
 57528 | Elf:3    | Identified the +2 hand axe of Tumult {spect, rPois rF-
                  | Int+3 Stlth+}
 57862 | Elf:3    | Identified the +3 glaive "Hetru" {flame, Int+5}
 57984 | Elf:3    | Identified the ring "Jat Piap" {MP+9 Stlth+}
 58625 | D:13     | Received a gift from Trog
 58649 | D:13     | Killed waxwing's ghost
 58987 | Crypt:1  | Entered Level 1 of the Crypt
 59028 | Crypt:1  | Reached XP level 25. HP: 213/214 MP: 23/23
 59495 | Crypt:1  | Received a gift from Trog
 59655 | Crypt:1  | You fall into a shaft and drop 1 floor!
 61131 | Crypt:3  | Entered Level 3 of the Crypt
 61201 | Crypt:2  | Found an ancient bone altar of Kikubaaqudgha.
 61334 | Crypt:3  | Identified the +2 war axe of Siettuit {freeze, rF+ Str+3}
 61943 | Crypt:3  | Received a gift from Trog
 61983 | Crypt:3  | Identified the +1 battleaxe of the Boiling Point {freeze,
                  | rPois rN+ Dex-2}
 62564 | Crypt:3  | Found a staircase to the Tomb.
 62710 | Crypt:3  | Found an ancient bone altar of Kikubaaqudgha.
 63165 | Vaults:5 | Entered Level 5 of the Vaults
 63174 | Vaults:5 | Received a gift from Trog
 63181 | Vaults:5 | Reached XP level 26. HP: 186/224 MP: 23/23
 63801 | Vaults:5 | Identified the +10 great mace of the Bespelling Gods
                  | {antimagic, rElec rN+ Str+5 SInv}
 64103 | Vaults:5 | Received a gift from Trog
 64360 | Vaults:5 | Got the Almanac of the Endless Ears
 64536 | Vaults:5 | Identified the +6 morningstar "Weim" {vorpal, *Noise rC+
                  | Will+}
 64747 | Vaults:5 | Identified the +1 scale mail of the Lion {rC- rCorr Int+7}
 64810 | Vaults:5 | Received a gift from Trog
 65658 | Vaults:5 | Got a silver rune of Zot
 65904 | Hell     | Entered the Vestibule of Hell
 65904 | Hell     | Noticed Geryon
 66033 | Hell     | Killed Geryon
 67012 | Hell     | Found a gateway to the Iron City of Dis.
 67224 | Hell     | Reached XP level 27. HP: 235/235 MP: 23/23
 67236 | Hell     | Found a gateway to the decaying netherworld of Tartarus.
 67329 | Hell     | Found a gateway to the ashen valley of Gehenna.
 67433 | Hell     | Found a gateway to the freezing wastes of Cocytus.
 67863 | Zot:1    | Entered Level 1 of the Realm of Zot
 68309 | Zot:1    | Found the +4 dragonskin cloak
 68309 | Zot:1    | Noticed Tiamat
 68339 | Zot:1    | Killed Tiamat
 68678 | Zot:1    | Received a gift from Trog
 68886 | Zot:1    | Acquired the +7 kite shield of the Voracious God {rC+}
 68933 | Zot:1    | Acquired the ring "Ojiameudd" {rC+ rN+}
 70032 | Zot:2    | Received a gift from Trog
 70171 | Zot:2    | Identified the +1 robe "Bismeo" {rN+ Int+2 Slay-6}
 71379 | Zot:3    | Received a gift from Trog
 71769 | Zot:3    | You fall into a shaft and drop 1 floor!
 71800 | Zot:4    | Reached skill level 27 in Dodging
 72825 | Zot:5    | Entered Level 5 of the Realm of Zot
 73384 | Zot:5    | Gained mutation: You have a pair of small horns on your
                  | head. [a cacodemon]
 73413 | Zot:5    | Noticed a dread lich
 73456 | Zot:5    | Killed a dread lich
 73603 | Zot:5    | Noticed an orb of fire
 73609 | Zot:5    | Gained mutation: Your magical capacity is low. (-10% MP)
                  | [an orb of fire]
 73629 | Zot:5    | Gained mutation: Your magical capacity is very low. (-20%
                  | MP) [an orb of fire]
 73637 | Zot:5    | Killed an orb of fire
 74035 | Zot:5    | Noticed a dread lich
 74073 | Zot:5    | Killed a dread lich
 74100 | Zot:5    | Received a gift from Trog
 74248 | Zot:5    | Noticed an ancient lich
 74265 | Zot:5    | Killed an ancient lich
 74435 | Zot:5    | Noticed an orb of fire
 74443 | Zot:5    | Gained mutation: You are weak. (Str -2) [an orb of fire]
 74455 | Zot:5    | Killed an orb of fire
 74463 | Zot:5    | Reached skill level 27 in Long Blades
 74596 | Zot:5    | Noticed a dread lich
 74603 | Zot:5    | Paralysed by something for 3 turns
 74607 | Zot:5    | Killed a dread lich
 74815 | Zot:5    | Got the Orb of Zot
 75006 | D:12     | Noticed a seraph
 75270 | D:$      | Escaped with the Orb!

Illustrated notes

Levels and vault maps discovered:
D:1:      dpeg_arrival_court, layout_loops_ring,
          shapermc_ecumenical_altar_pompeii
D:2:      layout_basic, basic_altar, uniq_terence
D:3:      layout_rooms, amcnicky_altar_gilded
D:4:      layout_basic, gammafunk_temple_overflow_arena,
          minmay_misc_feat_diagonals, minmay_misc_feat_doors
D:5:      layout_basic, kennysheep_generic_room_9, uniq_prince_ribbit1
D:6:      layout_loops_cross, nicolae_gozag_cash_rules_everything_around_me
D:7:      layout_basic, kennysheep_mini, mainiacjoe_overflow_small_starburst,
          lemuel_temple_firewalk_b, uniq_maggie, uniq_duvessa
D:8:      layout_rooms, kennysheep_generic_room_7
D:9:      layout_loops_ring, uniq_erolcha, uniq_pikel, uniq_erica
D:10:     lemuel_reptile_caves, layout_cave_pools,
          nicolae_dithmenos_through_a_glass_darkly, lair_entry_dummy,
          hiddenorc2_lemuel
D:11:     minmay_clustersquares, layout_cave_pods, serial_shops, shop, eino_jars
D:12:     layout_roguey, uniq_josephine
D:13:     layout_cave_pods, gammafunk_ghost_ooze
D:14:     layout_roguey, david_vaults_1, kennysheep_another_room,
          ebering_ghost_gozag, serial_park_tiny_pond, fedhas_ov_isle_minmay
D:15:     grunt_enter_depths_hoard, layout_small_grid, grunt_decor_fettered,
          uniq_roxanne, uniq_nessos
Temple:   eino_temple_scatter_basement
Lair:1:   layout_regular_city, fungi_pond_lemuel, hangedman_lair_generics_rect,
          grunt_megastairs_2, serial_bayou_shore_b, uniq_joseph, uniq_gastronok
Lair:2:   layout_big_grid, minmay_snake_entry_guardpost_medium,
          gauntlet_entry_generic, serial_bayou_shore_a, uniq_fannar,
          uniq_nergalle
Lair:3:   layout_chaotic_city, minmay_shoals_entry_lonely_mermaid,
          gammafunk_ghost_wrathful_warriors, uniq_kirke
Lair:4:   layout_concentric_octagons, nicolae_volcano_entry_lava_flow
Lair:5:   evilmike_catoblepas_cave, layout_regular_city,
          minmay_slime_entry_eyes, uniq_rupert
Shoals:1: cheibrodos_shoals_gigantism, layout_shoals,
          nicolae_shoals_lost_giant_temple, nicolae_shoals_square_sea_wall,
          uniq_louise
Shoals:2: layout_shoals
Shoals:3: layout_shoals, nicolae_take_the_stairs, nicolae_shoals_water_booths,
          uniq_polyphemus
Shoals:4: shoals_end_hellmonk_lost_city, serial_shops, uniq_nikola
Snake:1:  layout_honeycomb, serial_shops, nicolae_shop_bloodbath_and_beyond,
          shop, shop, shop, uniq_aizul
Snake:2:  layout_concentric_octagons
Snake:3:  layout_concentric_octagons, gammafunk_ghost_cemetery,
          nicolae_snake_dead_anacondas
Snake:4:  minmay_snake_end_coiled, layout_gridlike, minmay_shoptagon
Orc:1:    layout_caves, ebering_ghost_reflecting_pool
Orc:2:    st_orc_pillars, layout_caves, serial_shops, nicolae_shop_waterfront
Elf:1:    minmay_elf_arrival_summoners, layout_gridlike,
          hangedman_elven_crosses_minicolossus, minmay_shop_grove
Elf:2:    nicolae_elf_blades_crystal_corner, layout_rooms,
          gammafunk_ghost_door_vault
Elf:3:    elf_hall, layout_gridlike, due_unseen_surprise
Vaults:1: mu_enter_wizlab_3, serial_ice_g, vaults_room_fours, v_misc_25,
          grunt_vaults_diagonal, vaults_room_door_ring,
          nicolae_vaults_little_squares_1, vaults_room_glass_cross,
          layout_vaults_chaotic_city, serial_shops, shop
Vaults:2: vaults_room_corners, vaults_room_ringed_pool, grunt_vaults_funnel,
          v_misc_23, hangedman_vaults_nails, hangedman_vaults_nails,
          vaults_dpeg_diagonal, layout_vaults_omnigrid, serial_shops,
          nicolae_shop_stone, uniq_jory, uniq_mennas
Vaults:3: v_misc_24, nicolae_vaults_little_ls, vaults_dpeg_encased_lava,
          nicolae_vaults_circle_grid_a, nicolae_vaults_an_arrangement,
          v_misc_31, grunt_vaults_bifocal, nicolae_vaults_little_squares_4,
          vaults_room_stairs_pillars, hangedman_vaults_stream, v_misc_27,
          nicolae_vaults_little_squares_4, nicolae_vaults_circle_grid_a,
          ontoclasm_vaults_ligature, minmay_crypt_entry_simple_box,
          ontoclasm_vaults_chip, vaults_room_fours, layout_vaults_ring
Vaults:4: nicolae_vaults_little_squares_3, v_pattern_3, v_misc_25,
          nicolae_vaults_inception_corners, v_misc_12, ontoclasm_vaults_twist,
          vaults_standard_mumra_lines, ontoclasm_vaults_decontamination,
          st_lattice, hangedman_vaults_capsules, v_misc_29,
          nicolae_vaults_asterisk, vaults_mumra_lcd, vaults_room_hallway,
          layout_vaults_omnicross, serial_shops, nicolae_shop_stone
Vaults:5: serial_shops
Crypt:1:  layout_chaotic_city
Crypt:2:  layout_misc_corridors, lemuel_upstairs_altar, grunt_megastairs_3
Crypt:3:  quadcrypt_mu
Depths:1: layout_gridville, serial_shops, bzr_entry_dummy,
          kennysheep_little_box, shop_fountains, hell_entry,
          hangedman_decor_lopped, laboratory, minmay_shop_star,
          infiniplex_staircase_pool_lava
Depths:2: nooodl_glass_maze, layout_twisted_cross,
          nicolae_ru_sacrificial_ziggurat, pan_entry, grunt_metal_band,
          amcnicky_mini_rare_corridor_liquid, nicolae_elyvilon_peaceful_grove
Depths:3: minmay_the_grid_square_5x5_3x3 [minmay_the_grid_square_5x5_six_small,
          minmay_the_grid_square_5x5_two_walls_a,
          minmay_the_grid_square_5x5_minivault,
          minmay_the_grid_square_5x5_detours,
          minmay_the_grid_square_5x5_megaprize_open,
          minmay_the_grid_square_5x5_three_small,
          minmay_the_grid_square_5x5_forky, minmay_the_grid_square_5x5_shuriken,
          minmay_the_grid_square_5x5_dogpile], layout_gridville,
          enter_ziggurat_e, hell_entry, chequers_serial_rivers_micro_b,
          serial_shops, shop, abyss_entry_crystal, uniq_josephina
Depths:4: lemuel_castle_with_subvaults [lemuel_castle_interior_carwin_2],
          layout_gridville, hell_entry, serial_shops, nicolae_shop_trees,
          uniq_sojobo
Hell
Zot:1:    layout_misc_corridors, evilmike_ambush [evilmike_ambush_outer_basic,
          evilmike_ambush_inner_pond], grunt_megastairs_5, uniq_tiamat
Zot:2:    layout_misc_corridors
Zot:3:    layout_gridville
Zot:4:    layout_concentric_octagons
Zot:5:    layout_misc_corridors

Skill      XL: |  1  2  3  4  5  6  7  8  9 10 11 12 13 14 15 16 17 18 19 20 21 22 23 24 25 26 27 |
---------------+----------------------------------------------------------------------------------+-----
Dodging        | 3 4 5 6 8 9 10 11 13 14 15 16 17 18 19 20 21 22 23 24 25 27 | 27.0
Long Blades    | 4 5 6 7 8 9 10 11 12 13 14 15 16 17 18 19 20 21 22 23 24 25 27 | 27.0
Shields        | 1 2 3 4 5 6 7 9 10 11 12 13 14 15 16 17 18 19 21 | 21.9
Armour         | 2 3 4 5 6 7 8 10 11 12 13 14 15 16 18 | 18.3
Fighting       | 4 5 6 7 8 9 10 11 12 14 15 16 17 18 19 20 21 22 23 25 | 25.0
Throwing       | 3 5 6 8 9 10 11 12 13 14 15 | 15.0

Action                   |  1- 3 |  4- 6 |  7- 9 | 10-12 | 13-15 | 16-18 | 19-21 | 22-24 | 25-27 || total
-------------------------+-------+-------+-------+-------+-------+-------+-------+-------+-------++-------
Melee: Falchion          |   162 |   205 |   250 |       |       |       |       |       |       ||   617
       Tailslap          |       |       |    14 |    14 |     2 |    83 |     1 |    31 |    24 ||   169
       Long sword        |       |       |    45 |       |       |       |       |       |       ||    45
       Scimitar          |       |       |   133 |   831 |   179 |   918 |  1794 |   198 |   181 ||  4234
       Demon blade       |       |       |       |       |  1601 |   758 |    35 |  1924 |  3179 ||  7497
       Double sword      |       |       |       |       |    16 |    48 |       |       |    34 ||    98
       Headbutt          |       |       |       |       |       |       |       |       |   151 ||   151
Throw: Dart              |       |       |       |     1 |       |       |       |       |       ||     1
       Boomerang         |       |       |       |       |    94 |   103 |   114 |    69 |    10 ||   390
       Javelin           |       |       |       |       |       |       |       |       |     4 ||     4
Invok: Berserk           |       |     2 |     2 |     3 |     4 |     1 |     3 |     2 |       ||    17
       Brothers in Arms  |       |       |     1 |       |     3 |     1 |     6 |     9 |     7 ||    27
       Trog's Hand       |       |       |       |     3 |     2 |       |     2 |     1 |       ||     8
Evoke: Wand              |       |       |     1 |       |       |       |       |     2 |     2 ||     5
  Use: Scroll            |       |       |       |     8 |     7 |    12 |    15 |    10 |    29 ||    81
       Potion            |       |       |       |       |       |       |     5 |     2 |     6 ||    13
 Stab: Sleeping          |     1 |       |       |     1 |       |     2 |     3 |     1 |       ||     8
       Distracted        |       |       |       |       |     1 |       |     1 |     1 |     2 ||     5
Armor: Animal skin       |    36 |       |       |       |       |       |       |       |       ||    36
       Ring mail         |    19 |    46 |   105 |   136 |   266 |   298 |   208 |   247 |   218 ||  1543
       Steam dragon scal |       |       |     1 |     8 |       |       |       |       |       ||     9
       Leather armour    |       |       |       |     4 |       |       |       |       |       ||     4
       Fire dragon scale |       |       |       |       |    95 |       |       |       |       ||    95
       Chain mail        |       |       |       |       |       |       |       |       |   274 ||   274
Dodge: Dodged            |    81 |    72 |   166 |   459 |   885 |  1196 |  1030 |  1149 |  1859 ||  6897
Block: Buckler           |    30 |    85 |   184 |   410 |   617 |   316 |       |       |       ||  1642
       Reflection        |       |     2 |     1 |    10 |     8 |       |    84 |    59 |    68 ||   232
       Kite shield       |       |       |       |       |       |   370 |  1314 |  1597 |  3130 ||  6411
